 Dungeon Crawl Stone Soup version 0.27-a0-860-gaf99fae3ca (webtiles) character file.

Game seed: 2053986500127687276

28481 rageheart7 the Destroyer (level 12, -10/101 HPs)
             Began as a Demigod Conjurer on Apr 1, 2021.
             Mangled by Snorg (13 damage)
             ... on level 14 of the Dungeon.
             The game lasted 00:42:50 (20068 turns).

rageheart7 the Destroyer (Demigod Conjurer)        Turns: 20068, Time: 00:42:51

Health: -10/101    AC: 12    Str:  8    XL:     12   Next: 76%
Magic:  20/30      EV: 17    Int: 36    God:
Gold:   463        SH:  0    Dex: 18    Spells: 2/31 levels left

rFire    . . .     SeeInvis .   d - staff of conjuration
rCold    . . .     Faith    .   (no shield)
rNeg     . . .     Spirit   .   p - +2 robe {Will+}
rPois    +         Reflect  .   E - +2 hat
rElec    .         Harm     .   a - +1 cloak {rPois}
rCorr    .         Rampage  .   (no gloves)
Will     ++...                  (no boots)
Stlth    ++........             (no amulet)
HPRegen  0.26/turn              j - +6 ring of dexterity
MPRegen  0.22/turn              v - +4 ring of protection

@: hasted, very quick
A: high mp 1, forlorn
a: no special abilities


You were on level 14 of the Dungeon.
You visited 2 branches of the dungeon, and saw 15 of its levels.
You visited 1 bazaar.

You collected 818 gold pieces.
You spent 355 gold pieces at shops.

Inventory:

Missiles
 e - 4 atropa-tipped darts
 n - 6 curare-tipped darts
Armour
 a - a +1 cloak of poison resistance (worn)
 c - a +0 buckler
 f - a scarf of shadows
 p - a +2 robe of willpower (worn)
 y - a +1 helmet
 E - a +2 hat (worn)
Magical Staves
 d - a staff of conjuration (weapon)
Jewellery
 i - a ring of poison resistance
 j - a +6 ring of dexterity (left hand)
 s - a +6 ring of strength
 v - a +4 ring of protection (right hand)
 D - a ring of protection from cold
 F - a ring of resist corrosion
 G - a ring of protection from fire
Wands
 o - a wand of flame (12)
 x - a wand of random effects (16)
 C - a wand of paralysis (22)
 J - a wand of polymorph (10)
Scrolls
 b - 2 scrolls of immolation
 h - a scroll of brand weapon
 w - 8 scrolls of identify
 H - a scroll of enchant weapon
Potions
 k - 5 potions of curing
 l - a potion of cancellation
 r - 2 potions of resistance
 t - 3 potions of attraction
 u - 3 potions of might
 z - a potion of mutation
 A - a potion of berserk rage
 B - 3 potions of lignification
 I - a potion of haste


   Skills:
 * Level 8.1 Fighting
 - Level 7.0 Armour
 - Level 8.0 Dodging
 - Level 1.7 Stealth
 - Level 10.2 Spellcasting
 + Level 11.7 Conjurations
 + Level 2.4 Summonings


You had 2 spell levels left.
You knew the following spells:

 Your Spells              Type           Power      Damage    Failure   Level
a - Iskenderun's Battles  Conj           100%       2d15      1%          5
b - Searing Ray           Conj           100%       3d7       1%          2
c - Iskenderun's Mystic   Conj/Tloc      74%        2d15      1%          4
d - Fulminant Prism       Conj/Hex       37%        3d18      1%          4
e - Orb of Destruction    Conj           50%        9d15      16%         7
f - Spellforged Servitor  Conj/Summ      40%        N/A       71%         7

Your spell library contained the following spells:

 Spells                   Type           Power      Damage    Failure   Level
 Magic Dart               Conj           100%       1d8       1%          1
 Corona                   Hex            20%        N/A       2%          1
 Ensorcelled Hibernation  Hex/Ice        36%        N/A       3%          2
 Dazzling Flash           Conj/Hex       100%       N/A       1%          3
 Confusing Touch          Hex            18%        N/A       7%          3
 Tukima's Dance           Hex            18%        N/A       7%          3
 Bolt of Magma            Conj/Fire/Erth 31%        4d14      13%         5
 Iron Shot                Conj/Erth      37%        9d7       30%         6


Dungeon Overview and Level Annotations

Branches:
Dungeon (14/15)            Temple (1/1) D:5            Lair (0/6) D:11
    Orc (0/2) D:12
 Vaults: D:13-14

Shops:
D:6 !   D:7 [   D:13 *!

Annotations:
D:14 Snorg


Innate Abilities, Weirdness & Mutations

Your attributes grow dramatically as you level up.
You have an increased reservoir of magic. (+10% MP)
You shall have no god before yourself.


Message History

HP restored.
Things that are here:
a +1 great mace; a +0 chain mail You see here a +0 war axe.
You see here a +0 broad axe.
Snorg is nearby!
Casting: Searing Ray (safe; 1% risk of failure)
Confirm with . or Enter, or press ? or * to list all spells.
You feel a surge of power!
You conjure a globe of magical energy.
Snorg shouts!
Snorg goes berserk!
You swap places.
Snorg bites your battlesphere!! Snorg claws your battlesphere!!
Your battlesphere is destroyed!
Casting: Iskenderun's Battlesphere (mildly dangerous; 1% risk of failure)
Confirm with . or Enter, or press ? or * to list all spells.
You feel a surge of power!
You conjure a globe of magical energy.
Snorg barely misses you. Snorg closely misses you. x2
Snorg bites you. Snorg closely misses you. Snorg misses you.
Snorg rages.
You feel a surge of power!
The searing ray misses Snorg. (Press . to maintain the ray.)
Your battlesphere fires!
The barrage of energy hits Snorg!
Snorg is lightly wounded.
Snorg bites you!! Snorg misses you. Snorg closely misses you. Snorg misses you.
Snorg completely misses you. Snorg claws you! Snorg bites you!!
Snorg barely misses you. Snorg completely misses you.
As you read the scroll labelled HUOKLO REMMUIT, it crumbles to dust.
It is a scroll of enchant armour.
Your +0 cloak of poison resistance glows green for a moment.
Snorg barely misses you. Snorg claws you. Snorg completely misses you.
Snorg bites you!
* * * LOW HITPOINT WARNING * * *
Snorg claws you!
* * * LOW HITPOINT WARNING * * *
Snorg claws you!
* * * LOW HITPOINT WARNING * * *
You feel yourself speed up. Snorg bites you!
You die...

########.# #.....#### ##
......##># ###)..# .#
#####.##.# ##..# ..# #.##.#
##.# ..# #.##.# #.#####..#
#####.##.# #).....#
.........##### ###....#
.............########..).#
.###.....###....@T*...##..#
....#...# #########..# #..#
###....## #### ...# ##.#.#
.... #.#.. ..... ..##.#
.#.. .. ....


You could see Snorg (berserk) and a friendly battlesphere.

Vanquished Creatures
  2 boulder beetles
  Erolcha (D:9)
  3 two-headed ogres (D:10)
  A death knight (D:14)
  2 tengu warriors (D:14)
  3 skeletal warriors (D:14)
  Pikel (D:4)
  A phantasmal warrior (D:14)
  3 deep elf pyromancers
  3 manticores (D:14)
  6 cyclopes
  3 ugly things
  Joseph (D:8)
  A gargoyle (D:11)
  Psyche (D:8)
  2 freezing wraiths
  2 trolls
  3 meliai (D:14)
  2 hornets (D:9)
  A slime creature (D:14)
  Prince Ribbit (D:7)
  A wyvern (D:8)
  3 shadows
  A vampire (D:14)
  14 yaks
  3 wraiths
  A basilisk (D:11)
  12 vampire mosquitoes
  A warg (D:12)
  2 acid dragons
  2 water moccasins
  Duvessa (D:7)
  7 orc warriors
  2 ice beasts (D:7)
  A hornet zombie (D:5)
  A sky beast (D:6)
  A necrophage (D:5)
  2 black bears
  4 ogres
  5 centaurs
  6 bullfrogs
  2 kobold brigands (D:3)
  A gnoll sergeant (D:10)
  A scorpion (D:11)
  Dowan (D:7)
  A water moccasin skeleton (D:4)
  9 killer bees
  15 wights
  4 howler monkeys
  A crimson imp (D:5)
  3 centaur zombies
  A jelly (D:4)
  2 hounds (D:7)
  7 orc priests
  3 centaur skeletons
  Natasha (thrice) (D:3)
  14 orc wizards
  A killer bee zombie (D:7)
  A human simulacrum (D:10)
  5 gnolls (D:10)
  4 adders
  A howler monkey skeleton (D:6)
  A shadow imp (D:5)
  2 white imps
  3 worms (D:2)
  4 dart slugs
  33 orcs
  7 endoplasms
  A giant cockroach (D:2)
  6 goblins
  7 hobgoblins
  14 jackals
  A quokka (D:4)
  4 ball pythons
  5 bats
  A frilled lizard (D:2)
  12 kobolds
  12 rats
  5 fulminant prisms
311 creatures vanquished.

Vanquished Creatures (others)
  A centaur simulacrum (D:14)
  A human simulacrum (D:10)
  55 fulminant prisms
  7 fungi (D:11)
  27 plants
91 creatures vanquished.

Grand Total: 402 creatures vanquished

Notes
Turn   | Place    | Note
-------+----------+-------------------------------------------
     0 | D:1      | rageheart7 the Demigod Conjurer began the quest for the
                  | Orb.
     0 | D:1      | Reached XP level 1. HP: 14/14 MP: 5/5
   695 | D:1      | Reached XP level 2. HP: 20/20 MP: 0/7
  1141 | D:2      | Reached skill level 4 in Conjurations
  1424 | D:2      | Reached XP level 3. HP: 22/26 MP: 7/9
  2483 | D:2      | Learned a level 2 spell: Searing Ray
  2671 | D:3      | Noticed a kobold brigand
  2672 | D:3      | Noticed a kobold brigand
  2778 | D:3      | Reached XP level 4. HP: 11/33 MP: 4/11
  2811 | D:3      | Noticed Natasha
  2815 | D:3      | Killed Natasha
  3186 | D:3      | Killed a kobold brigand
  3187 | D:3      | Reached skill level 5 in Conjurations
  3187 | D:3      | Reached XP level 5. HP: 38/38 MP: 4/13
  3510 | D:3      | Noticed Natasha
  3521 | D:3      | Killed Natasha
  3869 | D:3      | Noticed Natasha
  3873 | D:3      | Killed Natasha
  3874 | D:3      | Reached XP level 6. HP: 40/45 MP: 9/15
  4257 | D:4      | Identified a scroll of acquirement
  4257 | D:4      | Acquired a staff of conjuration
  4549 | D:4      | Reached skill level 6 in Conjurations
  5053 | D:4      | Noticed Pikel
  5058 | D:4      | Killed Pikel
  5059 | D:4      | Reached skill level 5 in Spellcasting
  5059 | D:4      | Reached skill level 7 in Conjurations
  5059 | D:4      | Reached XP level 7. HP: 26/50 MP: 9/19
  5700 | D:5      | Entered Level 5 of the Dungeon
  5923 | D:5      | Found a staircase to the Ecumenical Temple.
  5932 | Temple   | Entered the Ecumenical Temple
  6094 | D:5      | Reached XP level 8. HP: 57/57 MP: 16/20
  7053 | D:6      | Reached skill level 8 in Conjurations
  7531 | D:6      | Found Kedgh's Distillery.
  7574 | D:6      | You fall into a shaft and drop 2 floors!
  7618 | D:8      | Noticed Joseph
  7634 | D:8      | Killed Joseph
  7635 | D:8      | Reached XP level 9. HP: 47/62 MP: 10/24
  7821 | D:8      | Reached skill level 9 in Conjurations
  8129 | D:8      | Noticed Psyche
  8135 | D:8      | Killed Psyche
  8651 | D:7      | Reached skill level 10 in Conjurations
  8875 | D:7      | Noticed Prince Ribbit
  8907 | D:7      | Killed Prince Ribbit
  9269 | D:7      | Noticed Duvessa
  9278 | D:7      | Killed Duvessa
  9280 | D:7      | Noticed Dowan
  9644 | D:6      | Reached XP level 10. HP: 69/69 MP: 23/27
  9784 | D:6      | Identified the +3 war axe of Jyefris {drain, rN+ Str+6
                  | Int+2}
  9795 | D:6      | Learned a level 4 spell: Iskenderun's Mystic Blast
  9800 | D:6      | Learned a level 4 spell: Fulminant Prism
  9850 | D:7      | Found Zaohuhia's Antique Armour Shoppe.
  9920 | D:7      | Killed Dowan
 11314 | D:9      | Reached skill level 11 in Conjurations
 11711 | D:9      | Reached skill level 10 in Spellcasting
 11996 | D:9      | Noticed Erolcha
 12003 | D:9      | Killed Erolcha
 12377 | D:10     | Entered Level 10 of the Dungeon
 12397 | D:10     | Reached skill level 1 in Fighting
 12397 | D:10     | Reached skill level 1 in Armour
 12568 | D:10     | Noticed a two-headed ogre
 12576 | D:10     | Killed a two-headed ogre
 12722 | D:10     | Noticed a two-headed ogre
 12732 | D:10     | Killed a two-headed ogre
 12733 | D:10     | Reached XP level 11. HP: 26/79 MP: 14/29
 13104 | D:10     | Noticed a two-headed ogre
 13112 | D:10     | Killed a two-headed ogre
 13884 | D:11     | Noticed a boulder beetle
 14435 | D:11     | Killed a boulder beetle
 14593 | D:11     | Found a staircase to the Lair.
 14636 | D:11     | Reached skill level 5 in Dodging
 15275 | D:11     | Reached skill level 5 in Fighting
 15275 | D:11     | Reached skill level 5 in Armour
 15544 | D:12     | Noticed a boulder beetle
 15896 | D:11     | Noticed a fire dragon
 16015 | D:12     | Noticed a boulder beetle
 16262 | D:12     | Killed a boulder beetle
 16905 | D:12     | Found a staircase to the Orcish Mines.
 17098 | D:12     | Reached XP level 12. HP: 84/96 MP: 26/30
 17565 | D:13     | Found Meneig Ongi's Distillery.
 17584 | D:13     | Bought a potion of heal wounds for 65 gold pieces
 17678 | D:13     | Found Osaud's Assorted Antiques.
 17864 | D:13     | Found Vitomen's Elemental Accessories.
 17869 | D:13     | Found a flickering gateway to a bazaar.
 17875 | Bazaar   | Entered a bazaar
 17875 | Bazaar   | Found Qoulyn's Antique Weapon Boutique.
 17875 | Bazaar   | Found Boroi's General Store.
 17875 | Bazaar   | Found Suthrocagh's Distillery.
 17875 | Bazaar   | Found Vuirumav's Armour Boutique.
 17918 | Bazaar   | Bought a potion of haste for 100 gold pieces
 17918 | Bazaar   | Bought a potion of haste for 100 gold pieces
 17918 | Bazaar   | Bought 2 potions of curing for 60 gold pieces
 17918 | Bazaar   | Bought a potion of curing for 30 gold pieces
 18718 | D:14     | Learned a level 5 spell: Iskenderun's Battlesphere
 18726 | D:14     | Learned a level 7 spell: Orb of Destruction
 18734 | D:14     | Learned a level 7 spell: Spellforged Servitor
 18982 | D:14     | Reached skill level 1 in Summonings
 19178 | D:14     | Noticed Snorg
 19703 | D:14     | Noticed a death knight
 19712 | D:14     | Killed a death knight
 20067 | D:14     | HP: 3/101 [Snorg (12)]
 20068 | D:14     | Mangled by Snorg

Illustrated notes

Levels and vault maps discovered:
D:1:      lightli_iron_boxes, layout_basic, fountainhead,
          ebering_dispersal_statue_hall
D:2:      layout_basic, grunt_decor_mini_mirrors, minmay_rat_gold_closets
D:3:      cheibrodos_thug_alley, layout_basic, pdpol_wu_jian_five_deadly_venoms,
          basic_ecumenical_altar, small_statue_intersection, uniq_natasha
D:4:      layout_gridville, old_standard_altar, uniq_pikel
D:5:      layout_cave_pods, grunt_temple_overflow_lords_of_destruction,
          kennysheep_little_box, nicolae_overflow_crystal_walls,
          lemuel_crystal_altar, minmay_temple_entry_wispy
D:6:      layout_loops_ring, nicolae_qazlal_eye_of_the_storm, ashenzari_altar_1,
          serial_shops, shop
D:7:      layout_layer_cave, nemelex_spade_bored_becter, minitemple,
          serial_shops, kennysheep_mini_moat, uniq_duvessa, uniq_prince_ribbit1
D:8:      layout_loops_ring, nicolae_hepliaklqana_ecumenical_no_more,
          uniq_joseph, uniq_psyche
D:9:      layout_basic, uniq_erolcha
D:10:     layout_cave_pools, lemuel_crystal_altar, bh_circular_ruins
D:11:     layout_rooms, grunt_lair_entry_orc_guard_hut, kb_rosetta
D:12:     layout_gridville, erik_orc_4
D:13:     layout_cross, serial_shops, bzr_entry_safe, nicolae_shop_stone, shop,
          nicolae_elemental_shop
D:14:     minmay_inside_and_out, layout_loops_ring, erik_vaults_2,
          kennysheep_inner_square, uniq_snorg
Temple:   corrupted_temple

Skill      XL: |  1  2  3  4  5  6  7  8  9 10 11 12 |
---------------+-------------------------------------+-----
Spellcasting   | 2 3 4 5 6 7 9 10 | 10.2
Conjurations   | 4 5 7 8 10 11 | 11.7
Dodging        | 3 6 8 |  8.0
Fighting       | 2 6 8 |  8.1
Armour         | 2 6 7 |  7.0
Summonings     | 2 |  2.4
Stealth        | |  1.7

Action                   |  1- 3 |  4- 6 |  7- 9 | 10-12 || total
-------------------------+-------+-------+-------+-------++-------
Melee: Club              |    14 |       |       |       ||    14
       Mace              |       |     7 |       |       ||     7
       Staff             |       |       |       |    10 ||    10
 Cast: Magic Dart        |   104 |    64 |   120 |       ||   288
       Searing Ray       |     2 |    13 |    46 |   147 ||   208
       Fulminant Prism   |       |       |       |    60 ||    60
       Iskenderun's Myst |       |       |       |    17 ||    17
       Iskenderun's Batt |       |       |       |    12 ||    12
Evoke: Wand              |       |       |       |    17 ||    17
  Use: Potion            |       |     3 |     1 |    10 ||    14
       Scroll            |       |     5 |       |    23 ||    28
 Stab: Sleeping          |       |     1 |       |       ||     1
Armor: Robe              |     1 |     5 |    14 |    51 ||    71
Dodge: Dodged            |    14 |    12 |    63 |   165 ||   254

Table legend: (Time is in decaauts)
 A = Elapsed time spent in this place.
 B = Non-inter-level travel time spent in this place.
 C = Inter-level travel time spent in this place.
 D = Time resting spent in this place.
 E = Time spent auto-exploring this place.
 F = Levels seen in this place.
 G = Mean time per level.
                   A        B        C        D        E       F      G
               +--------+--------+--------+--------+--------+-----+--------+
         Total |  20096 |  19548 |    548 |    918 |  16383 |  16 | 1256.0 |
       Dungeon |  19974 |  19454 |    520 |    918 |  16306 |  14 | 1426.7 |
        Temple |     70 |     42 |     28 |      0 |     41 |   1 |   70.0 |
        Bazaar |     51 |     51 |      0 |      0 |     36 |   1 |   51.0 |
               +--------+--------+--------+--------+--------+-----+--------+

Top non-repeatable levels by time:
    D:10: 1857 daAuts
    D:12: 1811 daAuts
     D:3: 1766 daAuts
     D:8: 1622 daAuts
     D:9: 1551 daAuts
    D:11: 1549 daAuts
     D:2: 1469 daAuts
     D:4: 1449 daAuts
    D:14: 1396 daAuts
     D:5: 1216 daAuts
     D:6: 1122 daAuts
     D:7: 1094 daAuts
     D:1: 1041 daAuts
    D:13: 1026 daAuts
  Temple: 70 daAuts
